 Dungeon Crawl Stone Soup version 0.13.0-7-g3df9ff1 (webtiles) character file.

1504 Leibowitz the Sneak (level 8, -4/48 HPs)
             Began as a Kobold Gladiator on Oct 16, 2013.
             Slain by an ice beast (11 damage)
             ... on Level 6 of the Dungeon.
             The game lasted 00:18:01 (6144 turns).

Leibowitz the Sneak (Kobold Gladiator)              Turns: 6144, Time: 00:18:03

HP  -4/48        AC  7     Str 14      XL: 8   Next: 86%
MP   9/9         EV 18     Int  6      God:
Gold 209         SH  0     Dex 18      Spells:  0 memorised,  7 levels left

Res.Fire  : . . .   See Invis. : .   w - +1,+3 orc dagger (venom)
Res.Cold  : . . .   Warding    : .   A - +3 leather armour {rPois}
Life Prot.: . . .   Conserve   : .   (no shield)
Res.Poison: +       Res.Corr.  : .   c - +0 helmet
Res.Elec. : .       Clarity    : .   (no cloak)
Sust.Abil.: . .     Spirit.Shd : .   (no gloves)
Res.Mut.  : .       Stasis     : .   (no boots)
Res.Rott. : .       Flight     : .   r - amulet of rage
Saprovore : + + .                    (no ring)
                                     (no ring)

@: slightly resistant to hostile enchantments, very stealthy
A: disease resistance, carnivore 3, saprovore 2
a: Evoke Berserk Rage


You were on level 6 of the Dungeon.
You were very full.

You visited 1 branch of the dungeon, and saw 6 of its levels.

You collected 237 gold pieces.
You spent 48 gold pieces at shops.

Inventory:

Hand weapons
 a - a +0,+0 short sword
 t - a +2,+0 dagger of speed
 w - a +1,+3 orcish dagger of venom (weapon)
Missiles
 d - 14 darts (quivered)
 y - 17 poisoned needles
 E - 8 needles of confusion
Armour
 c - a +0 helmet (worn)
 A - a +3 leather armour of poison resistance (worn)
Comestibles
 f - 2 meat rations
Scrolls
 b - a scroll of magic mapping {unknown}
 e - a scroll of enchant armour {unknown}
 h - a scroll of curse armour {unknown}
 i - a scroll of enchant weapon II {unknown}
 j - 2 scrolls of blinking {unknown}
 l - a scroll of teleportation
 m - 3 scrolls of identify {unknown}
 n - 3 scrolls of remove curse {unknown}
 o - a scroll of curse jewellery {unknown}
 p - 2 scrolls of enchant weapon I {unknown}
 F - a scroll of random uselessness {unknown}
Jewellery
 r - an amulet of rage (around neck)
Potions
 g - a potion of agility {unknown}
 k - 3 potions of curing
 q - a potion of heal wounds
 s - a potion of brilliance {unknown}
 u - 2 potions of invisibility {unknown}
 v - a potion of paralysis {unknown}
 x - a potion of speed {unknown}
 z - a potion of beneficial mutation {unknown}
 B - a potion of poison {unknown}
 C - a potion of might {unknown}
 D - a potion of flight {unknown}


   Skills:
 * Level 4.4 Fighting
 + Level 6.5 Short Blades
 - Level 2.6 Throwing
 + Level 3.0 Armour
 + Level 7.0 Dodging
 * Level 7.6 Stealth
 + Level 2.0 Evocations


You had 7 spell levels left.
You didn't know any spells.

Dungeon Overview and Level Annotations

Branches:
Dungeon (6/27)
 Temple: D:4-7          Orc: D:6-11

Altars:

Shops:
D:4 [


Innate Abilities, Weirdness & Mutations

You recuperate from illness quickly.
You are small and have problems with some larger weapons.
You are carnivorous and can eat meat at any time.
You can eat rotten meat.


Message History

The ice beast is severely wounded.
The ice beast closely misses you.
You hit the ice beast.
The ice beast is almost dead.
You closely miss the ice beast.
The ice beast is almost dead.
The ice beast hits you. The ice beast freezes you!
* * * LOW HITPOINT WARNING * * *
You hit the ice beast.
The ice beast is almost dead.
The ice beast barely misses you.
You hit the ice beast.
The ice beast is almost dead.
You hit the ice beast but do no damage.
The ice beast is almost dead.
The ice beast hits you.
* * * LOW HITPOINT WARNING * * *
The ice beast freezes you!
One of your 3 viscous pink potions freezes and shatters!
You die...

. . ..# ....
#.# ..... #.#
...... #.#
....... #.#
....... #.#
.......
#.####(.......
#...@I........
#.#####.......
#<# ..... #.#
.... #.# ...
#.# . ..# ..#
.(#


You could see an ice beast.

Vanquished Creatures
  The ghost of MirrMurr the Sneak, an average SpEn (D:4)
  Edmund (D:4)
  2 sky beasts
  2 phantoms (D:4)
  An ogre (D:5)
  Blork the orc (D:4)
  A hippogriff skeleton (D:5)
  An orc priest (D:4)
  7 orc wizards
  A scorpion (D:4)
  A worker ant (D:4)
  10 gnolls
  4 adders
  3 worms
  An iguana skeleton (D:5)
  A giant eyeball (D:4)
  3 giant geckos
  16 orcs
  7 bats
  4 giant cockroaches
  5 goblins
  5 hobgoblins
  9 kobolds
  5 quokkas (D:4)
  3 ball pythons
  5 giant newts
  A giant newt zombie (D:5)
  2 goblin skeletons (D:5)
  An orc skeleton (D:4)
  9 rats
  A rat skeleton (D:5)
114 creatures vanquished.

Vanquished Creatures (others)
  A kobold (D:4)
1 creature vanquished.

Grand Total: 115 creatures vanquished

Notes
Turn   | Place    | Note
--------------------------------------------------------------
     0 | D:1      | Leibowitz, the Kobold Gladiator, began the quest for the Orb.
     0 | D:1      | Reached XP level 1. HP: 13/13 MP: 0/0
   103 | D:1      | Reached XP level 2. HP: 16/18 MP: 1/1
   538 | D:2      | Reached skill level 1 in Stealth
   538 | D:2      | Reached XP level 3. HP: 13/22 MP: 2/2
  1457 | D:3      | Reached XP level 4. HP: 28/28 MP: 3/3
  1868 | D:3      | Reached skill level 1 in Armour
  1874 | D:3      | Reached XP level 5. HP: 32/32 MP: 4/4
  1906 | D:3      | Reached skill level 5 in Short Blades
  3175 | D:3      | Reached skill level 5 in Dodging
  3455 | D:4      | Noticed a phantom
  3473 | D:4      | Killed a phantom
  3473 | D:4      | Reached XP level 6. HP: 30/37 MP: 5/5
  4331 | D:4      | Found Tootiopn's Antique Armour Emporium.
  4338 | D:4      | Bought a glowing leather armour for 48 gold pieces
  4355 | D:4      | Noticed Blork the orc
  4369 | D:4      | Killed Blork the orc
  4369 | D:4      | Reached skill level 1 in Evocations
  4369 | D:4      | Reached XP level 7. HP: 25/41 MP: 5/7
  4558 | D:4      | Noticed Edmund
  4585 | D:4      | Killed Edmund
  4585 | D:4      | Reached skill level 6 in Dodging
  4670 | D:4      | Noticed a phantom
  4683 | D:4      | Killed a phantom
  4961 | D:4      | Reached XP level 8. HP: 47/47 MP: 9/9
  4966 | D:4      | Reached skill level 5 in Stealth
  5231 | D:4      | Noticed MirrMurr's ghost (average SpEn)
  5247 | D:4      | Killed MirrMurr's ghost
  5295 | D:4      | Noticed a sky beast
  5317 | D:4      | Killed a sky beast
  5532 | D:5      | Entered Level 5 of the Dungeon
  5630 | D:5      | Reached skill level 7 in Stealth
  6144 | D:6      | Slain by an ice beast

Action                   |  1- 3 |  4- 6 |  7- 9 || total
-------------------------+-------+-------+-------++-------
Melee: Short sword       |    87 |       |       ||    87
       Dagger            |     6 |   430 |   215 ||   651
Throw: Dart              |       |       |     1 ||     1
 Abil: Evoke Berserk Rag |       |     7 |     2 ||     9
  Use: Potion            |       |     4 |       ||     4
       Scroll            |       |     1 |       ||     1
 Stab: Sleeping          |     1 |     1 |    11 ||    13
       Distracted        |       |       |     2 ||     2
